AoeStats
← | ArCas | Toruk Makto

Nomad

504894612Analyzed
4v4 RM · 25d ago on Sep 7, 2026· 32m 58s· 8 players
Game mode
Random Map
Map size
231×231
Population
200
Speed
Normal
Resources
Standard
Victory
Conquest
Starting age
Dark Age
Ending age
Imperial Age
RankedLock teamsTeams togetherTeam positionsShared explorationLock speedFull tech treeHidden civsTurbo modeCheats
Victory
Defeat
🇦🇷 Sicilians · Argentina
1439
+15
🇦🇷 Japanese · Argentina
1388
+17
🇦🇷 Lithuanians · Argentina
1371
+18
🇦🇷 Vietnamese · Argentina
1367
+18
🇧🇷 Koreans · Brazil
1529
-22
🇨🇱 Hindustanis · Chile
1422
-17
🇧🇷 Spanish · Brazil
1371
-15
🇦🇷 Khmer · Argentina
1329
-14
ZiPPo
5:05 Loom
20:16 Feudal Age
20:44 Double-Bit Axe
26:04 Castle Age
24:54 Fletching
25:13 Stone Mining
31:20 Town Watch
Churrikos
12:56 Feudal Age
13:19 Man-at-Arms
14:46 Forging
14:29 Loom
17:26 Horse Collar
24:06 Castle Age
22:34 Double-Bit Axe
23:30 Town Watch
24:10 Scale Mail Armor
25:07 Chain Mail Armor
24:20 Long Swordsman
25:48 Iron Casting
30:18 Gambesons
30:35 Squires
30:19 Pikeman
33:16 Bow Saw
33:52 Wheelbarrow
Leonardo il Lombardo
5:08 Loom
12:22 Feudal Age
16:55 Castle Age
15:23 Fletching
22:42 Double-Bit Axe
33:23 Bodkin Arrow
Lucio Aurelio Cómodo
11:41 Loom
13:53 Feudal Age
17:27 Castle Age
16:31 Double-Bit Axe
29:43 Horse Collar
31:16 Heavy Plow
SS_Tiozão
3:13 Loom
12:48 Feudal Age
14:29 Fletching
24:04 Castle Age
29:21 Double-Bit Axe
LaPosta
3:32 Loom
13:40 Feudal Age
14:12 Town Watch
14:36 Double-Bit Axe
16:33 Bloodlines
20:30 Fishing Lines
23:10 Castle Age
26:35 Wheelbarrow
29:02 Wheelbarrow
| ArCas | Toruk Makto
13:20 Feudal Age
13:34 Loom
16:31 Castle Age
16:35 Forging
16:43 Bloodlines
25:32 Scale Barding Armor
26:15 Horse Collar
29:02 Fletching
29:42 Bloodlines
31:37 Wheelbarrow
SSx_Sinistro
4:26 Loom
12:25 Feudal Age
13:34 Man-at-Arms
24:47 Fletching
Connection lost

Rejoining the realm…

Still unreachable

The connection could not be restored.

Session expired

The server has moved on; the page needs a fresh start.